 Dungeon Sprint DCSS version 0.27-a0-419-g7a85846853 (webtiles) character file.

Game seed: 6723871898811828252

15330 Mitsuki the Peltast (level 12, -3/122 HPs)
             Began as a Minotaur Fighter on Feb 26, 2021.
             Was the Champion of the Shining One.
             Slain by Odwirch the pandemonium lord (17 damage)
             ... in the Dungeon (Sprint V: "Ziggurat Sprint").
             The game lasted 00:18:55 (813 turns).

Mitsuki the Peltast (Minotaur Fighter)               Turns: 813, Time: 00:18:55

Health: -3/122     AC: 32    Str: 26    XL:     12   Next: 0%
Magic:  6/17       EV: 14    Int:  5    God:    the Shining One [******]
Gold:   0          SH: 39    Dex: 22    Spells: 11/11 levels left

rFire    . . .     SeeInvis .   b - +7 Screaming Sword {vorpal, sonic wave}
rCold    . . .     Faith    .   w - +18 shield of the Gong {rElec rN+ Will+ EV-5}
rNeg     + + +     Spirit   .   a - +15 Maxwell's patent armour {-Cast -Tele rElec Will+ rCorr}
rPois    .         Reflect  +   (helmet restricted)
rElec    +         Harm     .   (no cloak)
rCorr    +         Rampage  .   (no gloves)
Will     ++...     NoTele   +   (no boots) Stlth ..........NoCast +
                                E - amulet of reflection
HPRegen  0.30/turn              C - +6 ring of dexterity
MPRegen  0.15/turn              B - +6 ring of dexterity

@: mighty, weakened, glowing, studying Shields
A: retaliatory headbutt, horns 2, [blurry vision 2]
a: Renounce Religion, Divine Shield, Cleansing Flame, Summon Divine Warrior,
Brand Weapon With Holy Wrath


You were in the Dungeon.
You worshipped the Shining One.
The Shining One was exalted by your worship.
You visited 1 branch

Inventory:

Hand Weapons
 b - the +7 Screaming Sword (weapon) {vorpal, sonic wave}
   (You found it in the Dungeon)

   It inflicts extra damage upon your enemies.
 x - the +11 plutonium sword {*Contam Stlth-}
   (You found it in the Dungeon)

   It causes magical contamination when unequipped.
   It makes you less stealthy.
 A - the +10 zealot's sword {holy, *Rage rN+ EV+3}
   (You found it in the Dungeon)

   It has been blessed by the Shining One to cause great damage to the undead
   and demons.
   It affects your evasion (+3).
   It protects you from negative energy.
   It may make you go berserk in combat.
Armour
 a - the +15 Maxwell's patent armour (worn) {-Cast -Tele rElec Will+ rCorr}
   (You found it in the Dungeon)

   It insulates you from electricity.
   It affects your willpower, your defense against some magical effects.
   It prevents spellcasting.
   It prevents most forms of teleportation.
   It provides partial protection from all sources of acid and corrosion.
 w - the +18 shield of the Gong (worn) {rElec rN+ Will+ EV-5}
   (You found it in the Dungeon)

   It affects your evasion (-5).
   It insulates you from electricity.
   It protects you from negative energy.
   It affects your willpower, your defense against some magical effects.
Jewellery
 B - a +6 ring of dexterity (right hand)
 C - a +6 ring of dexterity (left hand)
 D - a ring of see invisible
 E - an amulet of reflection (around neck)
 F - a ring of fire
Wands
 k - a wand of mindburst (7)
 l - a wand of iceblast (7)
 m - a wand of acid (7)
Scrolls
 c - 2 scrolls of brand weapon
 j - 4 scrolls of blinking
 n - 4 scrolls of amnesia
 o - 7 scrolls of fog
 p - a scroll of holy word
 q - 5 scrolls of identify
 r - 2 scrolls of fear
Potions
 d - 5 potions of might
 e - 10 potions of curing
 f - 8 potions of heal wounds
 g - 6 potions of haste
 h - 7 potions of magic
 i - 3 potions of berserk rage
 s - 2 potions of brilliance
 t - 2 potions of invisibility
 u - 4 potions of resistance
 v - a potion of experience
Miscellaneous
 y - a lightning rod (4/4)
 z - a phial of floods


   Skills:
 + Level 15.7 Fighting
 + Level 15.3 Long Blades
 + Level 15.5 Armour
 + Level 14.0 Dodging
 + Level 17.1 Shields
 + Level 9.1 Invocations


You had 11 spell levels left.
You didn't know any spells.
Your spell library contained the following spells:

 Spells                   Type           Power        Failure   Level
 Foxfire                  Conj/Fire      0%           98%         1
 Magic Dart               Conj           0%           98%         1
 Sandblast                Erth           0%           98%         1
 Blink                    Tloc           N/A          99%         2
 Call Imp                 Summ           0%           99%         2
 Ensorcelled Hibernation  Hex/Ice        0%           99%         2
 Passwall                 Tmut/Erth      0%           99%         2
 Slow                     Hex            0%           99%         2
 Swiftness                Air            0%           99%         2
 Call Canine Familiar     Summ           0%           100%        3
 Confusing Touch          Hex            0%           100%        3
 Conjure Flame            Conj/Fire      0%           100%        3
 Dazzling Flash           Conj/Hex       0%           100%        3
 Gell's Gravitas          Tloc           0%           100%        3
 Ignite Poison            Fire/Tmut/Pois 0%           100%        3
 Mephitic Cloud           Conj/Pois/Air  0%           100%        3
 Stone Arrow              Conj/Erth      0%           100%        3
 Animate Armour           Summ/Erth      0%           100%        4
 Cause Fear               Hex            0%           100%        4
 Ice Form                 Ice/Tmut       0%           100%        4
 Petrify                  Tmut/Erth      0%           100%        4
 Summon Ice Beast         Ice/Summ       0%           100%        4
 Bolt of Magma            Conj/Fire/Erth 0%           100%        5
 Fireball                 Conj/Fire      0%           100%        5
 Lee's Rapid Deconstruct  Erth           0%           100%        5
 Metabolic Englaciation   Hex/Ice        0%           100%        5
 Silence                  Hex/Air        0%           100%        5
 Summon Forest            Summ/Tloc      0%           100%        5
 Summon Mana Viper        Hex/Summ       0%           100%        5
 Yara's Violent Unravell  Hex/Tmut       0%           100%        5
 Freezing Cloud           Conj/Ice/Air   0%           100%        6
 Hydra Form               Tmut           0%           100%        6
 Shadow Creatures         Summ           N/A          100%        6
 Simulacrum               Ice/Necr       0%           100%        6
 Starburst                Conj/Fire      0%           100%        6
 Ozocubu's Refrigeration  Ice            0%           100%        7
 Summon Hydra             Summ           0%           100%        7
 Discord                  Hex            0%           100%        8
 Ignition                 Fire           0%           100%        8


Dungeon Overview and Level Annotations

Branches:
Dungeon (1/1)

Altars:
Ashenzari
Cheibriados
Dithmenos
Elyvilon
Fedhas
Gozag
Hepliaklqana
Kikubaaqudgha
Makhleb
Nemelex Xobeh
Okawaru
Qazlal
Ru
Sif Muna
Trog
Uskayaw
Vehumet
Wu Jian
Xom
Yredelemnul
Zin
The Shining One
Beogh
Jiyva
Lugonu

Annotations:
D 1 transporter


Innate Abilities, Weirdness & Mutations

You reflexively headbutt those who attack you in melee.
You have a pair of horns on your head.
[Scrolls take you longer to read.]


Message History

You take 23 damage, and have 18/122 hp.
You now have 5/17 mp.
You hit Unuph but do no damage.
Unuph is almost dead.
The roots lose their grip on you.
The shambling mangrove disappears in a puff of smoke!
The hornet disappears in a puff of smoke! x2
The thorn hunter disappears in a puff of smoke!
Odwirch tail-slaps you but does no damage.
You block Unuph's attack.
PANG!
You block the gelid black sun's attack.
BONNNG!
You block Odwirch's attack.
SHROANNG!
You hit Unuph but do no damage. You headbutt Unuph.
Unuph is almost dead.
You block Unuph's attack.
PANG!
The monstrous corrupter calls forth creatures from the Pits of Slime!
The phantasmal warrior blinks!
You block Odwirch's attack.
PTOANNNG!
The gelid black sun mumbles some strange prayers to Kikubaaqudgha against you.
The bolt of negative energy hits Odwirch.
Odwirch completely resists.
The bolt of negative energy hits you but does no damage.
You resist.
The mummy priest calls on the powers of darkness!
The swamp dragon convulses!
Your body is wracked with pain!
* * * LOW HITPOINT WARNING * * *
The azure jelly convulses! x2; Unuph hits you but does no damage.
You take 4 damage, and have 14/122 hp.
You slash Unuph!
Unuph is almost dead.
You block the swamp dragon's attack.
PTOANNNG!
You block the swamp dragon's attack.
GONNNNG!
The swamp dragon tramples you but does no damage.
Odwirch tail-slaps you!
You die...

▓▓▓▓▓▓▓▓ ▓...8©8..
▓...8©8. ▓..:)}.W|
▓..)|.[[
▓..:|||}..▓..)))|)
▓.........▓.......
▓...W.....▓.......
▓.§).Z§...▓.......
▓.DMMW....▓.......
▓@&▓...▓..▓.......
▓&▓6JJ..▓.▓.▓.....
▓.6.§§....▓....©..
▓▓▓▓▓▓▓▓▓▓▓▓▓▓▓▓▓▓


You could see Odwirch (black mark), Unuph (black mark), 2 azure jellies, a
monstrous corrupter, a gelid black sun (black mark, icemail), a swamp dragon
(summoned), 2 mummy priests, 2 phantasmal warriors, a shadow (summoned) and an
adder simulacrum (summoned).

Vanquished Creatures
  An acid blob (D)
  2 death oozes (D)
  A great orb of eyes (D)
  A rakshasa (D)
  A dancing weapon (D)
  A thrashing horror (D)
  A deep elf knight (D)
  A gelid demonspawn (D)
  A deep elf archer (D)
  A glowing orange brain (D)
  2 starcursed masses (D)
  2 deep elf zephyrmancers (D)
  A shining eye (D)
  An eye of devastation (D)
  An ice devil (D)
  4 merfolk (D)
  A red devil (D)
  5 wind drakes (D)
  2 slime creatures (D)
  A ynoxinul (D)
  6 fire elementals (D)
  A hell hound (D)
  A large abomination (D)
  4 orc warriors (D)
  5 centaurs (D)
  A crimson imp (D)
  A jelly (D)
  2 iron imps (D)
  4 orc priests (D)
  3 orc wizards (D)
  2 shadow imps (D)
  A white imp (D)
  3 ufetubi (D)
  2 orcs (D)
  2 fire vortices (D)
69 creatures vanquished.

Vanquished Creatures (collateral kills)
  A red devil (D)
1 creature vanquished.

Grand Total: 70 creatures vanquished

Notes
Turn   | Place    | Note
-------+----------+-------------------------------------------
     0 | D        | Mitsuki the Minotaur Fighter began the quest for the Orb.
     0 | D        | Reached XP level 1. HP: 19/19 MP: 0/0
     0 | D        | Found a blossoming altar of Fedhas.
     1 | D        | Found the +6 Majin-Bo {vamp, MP+6 Int+6}
     1 | D        | Found the +9 heavy crossbow "Sniper" {vorpal, Acc+∞ SInv}
     1 | D        | Found the +10 dark maul {vorpal}
     1 | D        | Found the +15 Maxwell's patent armour {-Cast -Tele rElec
                  | Will+ rCorr}
     1 | D        | Found the +18 shield of the Gong {rElec rN+ Will+ EV-5}
     1 | D        | Found the +14 obsidian axe {vorpal, *Drain +Fly SInv}
     1 | D        | Found the +7 great mace "Firestarter" {inner flame, rF++}
     1 | D        | Found the +6 shillelagh "Devastator" {shatter}
     1 | D        | Found the +11 plutonium sword {*Contam Stlth-}
     1 | D        | Found the +8 lance "Wyrmbane" {slay drac, rPois rF+ rC+
                  | AC+3}
     1 | D        | Found the +9 sword of Zonguldrok {reap}
     1 | D        | Found the +13 scythe of Curses {drain, *Drain}
     1 | D        | Found the +5 sword of Power {vorpal}
     1 | D        | Found the +7 mace of Variability {chain chaos}
     1 | D        | Found the +7 Singing Sword {vorpal, sonic wave}
     1 | D        | Found the +8 storm bow {elec, penet}
     1 | D        | Found a transporter.
     1 | D        | Found a viscous altar of Jiyva.
     1 | D        | Found an ancient bone altar of Kikubaaqudgha.
     1 | D        | Found a hazy altar of Hepliaklqana.
     1 | D        | Found a corrupted altar of Lugonu.
     1 | D        | Found an opulent altar of Gozag.
     1 | D        | Found a burning altar of Makhleb.
     4 | D        | Banished a spatial maelstrom
     5 | D        | Found an iron altar of Okawaru.
     5 | D        | Found a stormy altar of Qazlal.
     5 | D        | Found a sparkling altar of Nemelex Xobeh.
     5 | D        | Found a sacrificial altar of Ru.
     5 | D        | Found a shimmering blue altar of Sif Muna.
     8 | D        | Found a bloodstained altar of Trog.
   147 | D        | Became a worshipper of the Shining One
   180 | D        | Entered arena 2.
   180 | D        | Noticed a fire elemental
   180 | D        | Found a transporter.
   183 | D        | Killed a fire elemental
   184 | D        | Reached skill level 6 in Shields
   184 | D        | Reached XP level 2. HP: 31/31 MP: 1/1
   184 | D        | Reached XP level 3. HP: 38/38 MP: 2/2
   184 | D        | Reached XP level 4. HP: 45/45 MP: 3/3
   184 | D        | Reached XP level 5. HP: 51/51 MP: 4/4
   191 | D        | Entered arena 3.
   191 | D        | Noticed a deep elf zephyrmancer
   191 | D        | Noticed a fire elemental
   191 | D        | Noticed a deep elf knight
   191 | D        | Reached * piety under the Shining One
   191 | D        | Found a transporter.
   195 | D        | Killed a deep elf zephyrmancer
   196 | D        | Reached skill level 9 in Shields
   196 | D        | Reached XP level 6. HP: 47/63 MP: 5/5
   196 | D        | Reached XP level 7. HP: 52/70 MP: 6/6
   198 | D        | Killed a fire elemental
   199 | D        | Killed a deep elf knight
   200 | D        | Reached skill level 10 in Fighting
   200 | D        | Reached skill level 10 in Long Blades
   200 | D        | Reached skill level 10 in Armour
   200 | D        | Reached skill level 10 in Shields
   200 | D        | Reached XP level 8. HP: 61/80 MP: 7/7
   288 | D        | Got the Grimoire of Feathery Intoxication
   292 | D        | Entered arena 4.
   292 | D        | Noticed a deep elf zephyrmancer
   292 | D        | Noticed a deep elf archer
   292 | D        | Noticed a +1 flail of protection
   292 | D        | Reached ** piety under the Shining One
   292 | D        | Found a transporter.
   293 | D        | Identified the +4 mace "Beastbane" {vorpal, SInv}
   295 | D        | Killed a +1 flail of protection
   296 | D        | Reached skill level 11 in Shields
   296 | D        | Killed a deep elf zephyrmancer
   297 | D        | Reached skill level 10 in Dodging
   297 | D        | Reached XP level 9. HP: 85/90 MP: 8/8
   303 | D        | Killed a deep elf archer
   304 | D        | Reached skill level 12 in Shields
   322 | D        | Entered arena 5.
   322 | D        | Found a transporter.
   325 | D        | Reached *** piety under the Shining One
   359 | D        | Got the Incunabulum of Icy Creation
   361 | D        | Entered arena 6.
   361 | D        | Reached **** piety under the Shining One
   361 | D        | Found a transporter.
   364 | D        | Reached skill level 1 in Invocations
   375 | D        | Got the Volume of the Volcanoes
   377 | D        | Entered arena 7.
   377 | D        | Noticed a wind drake
   377 | D        | Reached ***** piety under the Shining One
   377 | D        | Noticed a wind drake
   377 | D        | Noticed a merfolk
   378 | D        | Identified the +0 falchion "Mitsuki's Curse" {flame, +Blink
                  | +Fly rPois Dex-3}
   378 | D        | Found a transporter.
   385 | D        | Killed a wind drake
   386 | D        | Reached XP level 10. HP: 84/100 MP: 9/11
   400 | D        | Entered arena 8.
   400 | D        | Noticed a thrashing horror
   400 | D        | Noticed a starcursed mass
   401 | D        | Found the +10 zealot's sword {holy, *Rage rN+ EV+3}
   403 | D        | Found a transporter.
   404 | D        | Reached ****** piety under the Shining One
   404 | D        | Killed a thrashing horror
   405 | D        | Reached skill level 13 in Shields
   409 | D        | Killed a starcursed mass
   410 | D        | Killed a starcursed mass
   411 | D        | Reached skill level 5 in Invocations
   509 | D        | Entered arena 9.
   509 | D        | Noticed a rakshasa
   510 | D        | Identified the +6 eveningstar of the Boiling Point {venom,
                  | +Inv rC+ Str-3 Int+2}
   510 | D        | Found a transporter.
   522 | D        | Killed a rakshasa
   540 | D        | Entered arena 10.
   541 | D        | Identified the +7 scimitar "Zitaeh" {holy, Str-5 Int+6}
   551 | D        | Reached skill level 14 in Shields
   554 | D        | Reached XP level 11. HP: 97/110 MP: 14/14
   558 | D        | Found a transporter.
   572 | D        | Got the ring of the Clam {+Fly rElec rF+ rC- rN++}
   581 | D        | Entered arena 11.
   582 | D        | Identified the +7 short sword of Nysaeves {antimagic, rElec
                  | rN+}
   582 | D        | Found a transporter.
   713 | D        | Entered arena 12.
   713 | D        | Noticed a glowing orange brain
   713 | D        | Noticed a shining eye
   719 | D        | Noticed a great orb of eyes
   719 | D        | Noticed a death ooze
   719 | D        | Noticed a death ooze
   719 | D        | Noticed an acid blob
   722 | D        | Killed a glowing orange brain
   723 | D        | Reached skill level 15 in Shields
   726 | D        | Killed a death ooze
   726 | D        | Killed a great orb of eyes
   726 | D        | Killed a shining eye
   727 | D        | Reached skill level 15 in Fighting
   728 | D        | Killed a death ooze
   728 | D        | Killed an acid blob
   729 | D        | Reached skill level 15 in Long Blades
   729 | D        | Reached skill level 15 in Armour
   729 | D        | Reached skill level 16 in Shields
   729 | D        | Found a transporter.
   739 | D        | Got Alissich's Papyrus of Enthralling Moulding
   777 | D        | Entered arena 13.
   777 | D        | Noticed a gelid black sun
   777 | D        | Noticed Unuph the pandemonium lord
   777 | D        | Noticed a gelid demonspawn
   777 | D        | Noticed a monstrous corrupter
   777 | D        | Noticed an infernal demonspawn
   778 | D        | Noticed Odwirch the pandemonium lord
   796 | D        | Found a transporter.
   799 | D        | Noticed a shambling mangrove
   799 | D        | Noticed a thorn hunter
   800 | D        | Noticed a swamp dragon
   803 | D        | Reached skill level 17 in Shields
   809 | D        | Noticed a mummy priest
   809 | D        | Noticed a mummy priest
   809 | D        | Killed a gelid demonspawn
   810 | D        | Reached XP level 12. HP: 41/122 MP: 8/17
   813 | D        | Noticed an azure jelly
   813 | D        | Noticed an azure jelly
   813 | D        | Slain by Odwirch the pandemonium lord

Illustrated notes

Levels and vault maps discovered:
D:        sprint_v [room_start, room_1, room_2, room_3, room_4, room_5, room_6,
          room_7, room_8, room_9, room_10, room_11, room_12, room_13, room_14,
          room_15, room_16, room_17, room_18, room_19, room_20, room_21,
          room_22, room_23, room_24, room_25, room_26, room_27]

Skill      XL: |  1  2  3  4  5  6  7  8  9 10 11 |
---------------+----------------------------------+-----
Fighting       | 6 9 10 11 12 14 15 | 15.7
Long Blades    | 6 8 10 11 12 13 15 | 15.3
Armour         | 6 9 10 11 12 14 15 | 15.5
Dodging        | 4 7 9 10 11 12 14 | 14.0
Shields        | 6 9 10 11 12 14 17 | 17.1
Invocations    | 3 6 9 |  9.1

Action                   |  1- 3 |  4- 6 |  7- 9 | 10-12 || total
-------------------------+-------+-------+-------+-------++-------
Melee: Double sword      |     2 |     4 |    23 |    57 ||    86
       Headbutt          |       |       |     5 |    22 ||    27
       Eudemon blade     |       |       |       |    12 ||    12
Invok: Divine Shield     |       |       |       |     2 ||     2
       Summon Divine War |       |       |       |     1 ||     1
  Use: Potion            |       |       |       |     3 ||     3
Armor: Plate armour      |       |       |     6 |    22 ||    28
Dodge: Dodged            |       |       |     1 |    21 ||    22
Block: Kite shield       |     3 |     8 |    26 |   139 ||   176
       Reflection        |       |       |       |     1 ||     1
       Rpst.: Double sword |       |       |     1 |     4 ||     5

Table legend: (Time is in decaauts)
 A = Elapsed time spent in this place.
 B = Non-inter-level travel time spent in this place.
 C = Inter-level travel time spent in this place.
 D = Time resting spent in this place.
 E = Time spent auto-exploring this place.
 F = Levels seen in this place.
 G = Mean time per level.
                   A        B        C        D        E       F      G
               +--------+--------+--------+--------+--------+-----+--------+
         Total |    798 |    793 |      5 |    208 |    130 |   1 |  798.0 |
       Dungeon |    798 |    793 |      5 |    208 |    130 |   1 |  798.0 |
               +--------+--------+--------+--------+--------+-----+--------+

Top non-repeatable levels by time:
       D: 798 daAuts
